 Dungeon Crawl Stone Soup version 0.31-a0-844-gdc52ec4e09 (webtiles) character file.

Game seed: 14778364696182100231

166 JackS81 the Ruffian (level 5, -4/37 HPs)
             Began as a Djinni Shapeshifter on Sept 30, 2023.
             Slain by an ogre
             ... wielding a +0 giant spiked club
              (41 damage)
             ... on level 4 of the Dungeon.
             The game lasted 00:06:06 (2329 turns).

JackS81 the Ruffian (Djinni Shapeshifter)           Turns: 2329, Time: 00:06:07

Health: -4/37      AC:  2    Str: 15    XL:     5   Next: 76%
Gold:   91         EV: 17    Int: 11    God:
                   SH:  0    Dex: 13

rFire   + +          .
                       - Unarmed
rCold   x . .        (no shield)
rNeg    . . .        a - +0 animal skin
rPois   ∞            (helmet currently unavailable)
rElec   .            (cloak currently unavailable)
rCorr   .            (gloves currently unavailable)
SInv    .            (boots unavailable)
Will    .....        (no amulet)
Stlth   +            g - +5 ring of evasion
HPRegen 0.26/turn    (no ring)
MPRegen 0.00/turn

%: infuse magic (-5 HP)
@: beast-form, flying
A: beast (slay +1), flying, sickness immunity, fire resistance 2, cold
vulnerability 1, float, innate caster, HP casting, extra vitality 1
a: Begin Untransformation


You were on level 4 of the Dungeon.
You were a hulking beast.
You visited 1 branch of the dungeon, and saw 4 of its levels.

You collected 91 gold pieces.

Inventory:

Missiles
 j - 3 poisoned darts
 k - a datura-tipped dart (quivered)
 l - 2 silver javelins
Armour
 a - a +0 animal skin (worn)
Jewellery
 g - a +5 ring of evasion (left hand)
Talismans
 c - a beast talisman (active)
 d - a flux talisman
Wands
 p - a wand of iceblast (17)
Scrolls
 i - 2 scrolls of teleportation {unknown}
 m - a scroll of fog {unknown}
 q - a scroll of amnesia {unknown}
 r - a scroll of acquirement {unknown}
 s - a scroll of revelation {unknown}
 u - a scroll of identify {unknown}
Potions
 b - 2 potions of lignification
 e - 4 potions of enlightenment {unknown}
 f - 2 potions of curing {unknown}
 h - 2 potions of heal wounds {unknown}
 n - 2 potions of resistance {unknown}
 o - a potion of berserk rage {unknown}
 t - a potion of degeneration {unknown}


   Skills:
 + Level 1.6 Fighting
 - Level 2.3 Dodging
 + Level 4.7 Unarmed Combat
 * Level 0.8 Spellcasting
 * Level 0.8 Conjurations
 * Level 0.8 Hexes
 * Level 0.8 Summonings
 * Level 0.8 Necromancy
 * Level 0.8 Translocations
 * Level 0.8 Transmutations
 * Level 0.8 Fire Magic
 * Level 0.8 Ice Magic
 * Level 0.8 Air Magic
 * Level 0.8 Earth Magic
 * Level 0.8 Poison Magic
 + Level 3.4 Shapeshifting


You knew the following spells:

 Your Spells              Type           Power      Damage    Failure   Level
a - Kiss of Death         Conj/Necr      8%         2d6       24%         1
b - Call Imp              Summ           4%         N/A       34%         2
Your spell library was empty.

Dungeon Overview and Level Annotations

Branches:
Dungeon (4/15)
 Temple: D:4-7

Altars:


Innate Abilities, Weirdness & Mutations

You are a hulking beast.
Your limbs bulge with bestial killing power. (Slay +1)
You are flying.
You are immune to sickness and miasma.
You are immune to poison.
Your flesh is very heat resistant. (rF++)
You are vulnerable to cold. (rC-)
You float through the air rather than walking.
You learn spells naturally, not from books.
Your magical power is your life essence.
You have superior vitality. (+4 MHP)


Message History

You reach down and open the door.
There is an open door here.
You reach down and open the door.
There is an open door here.
You reach down and open the door.
An ogre comes into view. It is wielding a +0 giant spiked club.
The ogre shouts!
Throw: 5 darts (datura)
Press: ? - help, Q - select action, (/) - cycle Shift-Dir - straight line, f - ogre
Aim: an ogre, wielding a +0 giant spiked club (72% to hit, chance to frenzy on hit: 27%)
You throw a datura-tipped dart. The datura-tipped dart hits the ogre.
The ogre resists.
Throw: 4 darts (datura)
Press: ? - help, Q - select action, (/) - cycle Shift-Dir - straight line, f/p - ogre
Aim: an ogre, wielding a +0 giant spiked club (72% to hit, chance to frenzy on hit: 27%)
You throw a datura-tipped dart. The datura-tipped dart hits the ogre.
The ogre resists.
Throw: 3 darts (datura)
Press: ? - help, Q - select action, (/) - cycle Shift-Dir - straight line, f/p - ogre
Aim: an ogre, wielding a +0 giant spiked club (72% to hit, chance to frenzy on hit: 27%)
You throw a datura-tipped dart. The datura-tipped dart hits the ogre.
The ogre flies into a frenzy!
Throw: 2 darts (datura)
Press: ? - help, Q - select action, (/) - cycle Shift-Dir - straight line, f/p - ogre
Aim: an ogre, wielding a +0 giant spiked club (fast, strong, frenzied and wild, 72% to hit, immune)
You throw a datura-tipped dart. The datura-tipped dart hits the ogre.
The ogre resists.
The ogre shouts!
You punch the ogre!
The ogre is moderately wounded.
The ogre misses you.
You hit the ogre.
The ogre is moderately wounded.
The ogre closely misses you. The ogre attacks as it pursues you!
The ogre barely misses you.
You closely miss the ogre.
The ogre is moderately wounded.
The ogre hits you with a +0 giant spiked club!!!
Ouch! That really hurt!
You die...

#.........# #.........#
......
#.........########......
.......................#
.......................#
.......................#
............>..........#
.......................#
.........(......h......+
.............<...O.....#
.......................#
############.....##'####
...........#.....#...(
...........#.....#....(.
...........#.....#.......#
...........#.....#.....(.#
...........#.....#.....(.#


You could see a neutral ogre (fast, strong, frenzied).

Vanquished Creatures
  Ijyb (D:3)
  Natasha (twice) (D:3)
  3 adders
  3 dart slugs
  11 ball pythons
  4 bats
  8 endoplasms
  5 giant cockroaches
  5 goblins (D:1)
  A hobgoblin (D:2)
  3 jackals (D:2)
  5 kobolds
  6 rats
57 creatures vanquished.

Notes
Turn   | Place    | Note
-------+----------+-------------------------------------------
     0 | D:1      | JackS81 the Djinni Shapeshifter began the quest for the
                  | Orb.
     0 | D:1      | Reached XP level 1. HP: 17/17 MP: 0/0
   138 | D:1      | Reached XP level 2. HP: 20/22 MP: 0/0
   468 | D:1      | Reached XP level 3. HP: 19/27 MP: 0/0
   468 | D:1      | Learned a level 1 spell: Kiss of Death
   994 | D:2      | Reached XP level 4. HP: 27/32 MP: 0/0
  1583 | D:3      | Reached skill level 4 in Unarmed Combat
  1748 | D:3      | Noticed Ijyb
  1763 | D:3      | Killed Ijyb
  1764 | D:3      | Reached XP level 5. HP: 33/37 MP: 0/0
  1764 | D:3      | Learned a level 2 spell: Call Imp
  1882 | D:3      | Noticed Natasha
  1885 | D:3      | Killed Natasha
  2054 | D:3      | Noticed Natasha
  2058 | D:3      | Killed Natasha
  2319 | D:4      | Noticed an ogre
  2329 | D:4      | Slain by an ogre

Illustrated notes

Levels and vault maps discovered:
D:1:      psy_arrival_statuary, layout_basic
D:2:      layout_rooms, hangedman_abyss_or_decor_lesser_grid
D:3:      layout_loops_corners, uniq_natasha, uniq_ijyb
D:4:      layout_gridville

Skill      XL: |  1  2  3  4 |
---------------+-------------+-----
Shapeshifting  | 3 |  3.4
Unarmed Combat | 4 |  4.7
Fighting       | |  1.6
Dodging        | |  2.3
Spellcasting   | |  0.8
Conjurations   | |  0.8
Hexes          | |  0.8
Summonings     | |  0.8
Necromancy     | |  0.8
Translocations | |  0.8
Transmutations | |  0.8
Fire Magic     | |  0.8
Ice Magic      | |  0.8
Air Magic      | |  0.8
Earth Magic    | |  0.8
Poison Magic   | |  0.8

Action                     |  1- 3 |  4- 6 || total
---------------------------+-------+-------++-------
  Melee: Unarmed           |    74 |    81 ||   155
  Throw: Dart              |       |     4 ||     4
  Evoke: Wand              |       |     2 ||     2
   Stab: Sleeping          |     2 |     3 ||     5
 Armour: Animal skin       |    40 |    35 ||    75
  Dodge: Dodged            |    42 |    53 ||    95

Table legend: (Time is in decaauts)
 A = Elapsed time spent in this place.
 B = Non-inter-level travel time spent in this place.
 C = Inter-level travel time spent in this place.
 D = Time resting spent in this place.
 E = Time spent auto-exploring this place.
 F = Levels seen in this place.
 G = Mean time per level.
                   A        B        C        D        E       F      G
               +--------+--------+--------+--------+--------+-----+--------+
         Total |   2317 |   2243 |     74 |     25 |   1761 |   4 |  579.2 |
       Dungeon |   2317 |   2243 |     74 |     25 |   1761 |   4 |  579.2 |
               +--------+--------+--------+--------+--------+-----+--------+

Top non-repeatable levels by time:
     D:3: 822 daAuts
     D:1: 813 daAuts
     D:2: 601 daAuts
     D:4: 79 daAuts
